 Dungeon Crawl Stone Soup version 0.21-a0-221-gfe971b9 (webtiles) character file.

27930 roguesci the Fighter (level 13, -5/118 HPs)
             Began as a Minotaur Fighter on Aug 25, 2017.
             Was a Follower of Uskayaw.
             Shot with an arrow by a centaur warrior (8 damage)
             ... summoned by an orc warrior
             ... on level 13 of the Dungeon.
             The game lasted 00:36:30 (13026 turns).

roguesci the Fighter (Minotaur Fighter)            Turns: 13026, Time: 00:36:31

Health: -5/118     AC: 19    Str: 25    XL:     13   Next: 7%
Magic:  17/17      EV: 11    Int:  9    God:    Uskayaw [*.....]
Gold:   572        SH: 18    Dex: 17    Spells: 6/15 levels left

rFire    + . .     SeeInvis +   h - +9 flail "Kaduurea" {holy, *Corrode +Rage rPois MR+ Dex+4}
rCold    . . .     Gourm    .   K - +2 shield
rNeg     . . .     Faith    .   g - +0 plate armour
rPois    +         Spirit   .   (helmet restricted)
rElec    .         Reflect  +   (no cloak)
rCorr    .         Harm     .   A - +1 pair of gloves
MR       +....                  j - +0 pair of boots
Stlth    ..........             u - +4 amulet of reflection
HPRegen  0.69/turn              F - +4 ring of intelligence
MPRegen  0.15/turn              x - +3 ring of protection

@: hasted, very quick
A: retaliatory headbutt, horns 2, iridescent scales 1, see invisible, agile 1,
deformed body, fire resistance 1, low mp 1, poison resistance, regeneration 1,
wild magic 1
a: Stomp, Renounce Religion, Evoke Berserk Rage


You were on level 13 of the Dungeon.
You worshipped Uskayaw.
Uskayaw was aware of your devotion.
You were not hungry.

You visited 1 branch of the dungeon, and saw 13 of its levels.

You collected 638 gold pieces.
You spent 66 gold pieces at shops.

Inventory:

Hand Weapons
 h - the +9 flail "Kaduurea" (weapon) {holy, *Corrode +Rage rPois MR+ Dex+4}
   (You found it on level 6 of the Dungeon)

   It has been blessed by the Shining One to cause great damage to the undead
   and demons.
   It affects your dexterity (+4).
   It protects you from poison.
   It affects your resistance to hostile enchantments.
   It lets you go berserk.
   It may corrode you when you take damage.
 U - a +1 battleaxe of flaming
Missiles
 o - 591 stones (quivered)
 H - 2 throwing nets
Armour
 g - a +0 plate armour (worn)
 j - a +0 pair of boots (worn)
 A - a +1 pair of gloves (worn)
 K - a +2 shield (worn)
Jewellery
 e - an uncursed ring of see invisible
 u - a +4 amulet of reflection (around neck)
 x - a +3 ring of protection (right hand)
 F - a +4 ring of intelligence (left hand)
 I - an uncursed amulet of the gourmand {unknown}
 O - an uncursed amulet of guardian spirit
Wands
 q - a wand of lightning (3/15)
 C - a wand of digging (15/24)
Scrolls
 c - a scroll of enchant weapon {unknown}
 d - a scroll of torment {unknown}
 i - 8 scrolls of remove curse {unknown}
 k - 2 scrolls of amnesia {unknown}
 l - a scroll of immolation {unknown}
 m - 2 scrolls of recharging {unknown}
 n - 11 scrolls of identify
 t - a scroll of random uselessness {unknown}
 v - 8 scrolls of enchant armour {unknown}
 w - 9 scrolls of teleportation
 y - a scroll of fog {unknown}
 z - 2 scrolls of brand weapon {unknown}
 G - a scroll of magic mapping {unknown}
 J - a scroll of blinking {unknown}
 P - a scroll of summoning
Potions
 r - a potion of haste
 s - 2 potions of brilliance
 B - a potion of ambrosia
 M - a potion of cancellation
 R - a potion of flight
Books
 D - a book of Changes

   Spells                             Type                      Level
   a - Beastly Appendage              Transmutation                1
   b - Sticks to Snakes               Transmutation                2
   c - Spider Form                    Transmutation/Poison         3
   d - Ice Form                       Ice/Transmutation            4
   e - Blade Hands                    Transmutation                5
 N - a book of Clouds

   Spells                             Type                      Level
   a - Poisonous Vapours              Poison/Air                   2
   b - Mephitic Cloud                 Conjuration/Poison/Air       3
   c - Conjure Flame                  Conjuration/Fire             3
   d - Freezing Cloud                 Conjuration/Ice/Air          6
   e - Ring of Flames                 Charms/Fire                  7
 S - a book of Battle

   Spells                             Type                      Level
   a - Infusion                       Charms                       1
   b - Shroud of Golubria             Charms/Translocation         2
   c - Song of Slaying                Charms                       2
   d - Spectral Weapon                Hexes/Charms                 3
   e - Regeneration                   Charms/Necromancy            3
 T - a book of Flames

   Spells                             Type                      Level
   a - Flame Tongue                   Conjuration/Fire             1
   b - Throw Flame                    Conjuration/Fire             2
   c - Conjure Flame                  Conjuration/Fire             3
   d - Inner Flame                    Hexes/Fire                   3
   e - Sticky Flame                   Conjuration/Fire             4
   f - Fireball                       Conjuration/Fire             5
Comestibles
 a - 4 chunks of flesh
 f - 6 bread rations
 p - 10 meat rations
 L - 11 royal jellies


   Skills:
 * Level 12.3 Fighting
 + Level 9.3 Axes
 * Level 12.1 Armour
 + Level 8.1 Dodging
 - Level 3.5 Stealth
 + Level 9.3 Shields
 + Level 1.5 Spellcasting
 * Level 9.8 Invocations
 - Level 4.3 Evocations


You had 6 spell levels left.
You knew the following spells:

 Your Spells              Type           Power        Failure   Level  Hunger
a - Shroud of Golubria    Chrm/Tloc      #.........   100%        2    ###....
b - Regeneration          Chrm/Necr      #.........   100%        3    ####...
c - Mephitic Cloud        Conj/Pois/Air  #.......     100%        3    ####...
d - Infusion              Chrm           #...         100%        1    ##.....


Dungeon Overview and Level Annotations

Branches:
Dungeon (13/15)            Temple (0/1) D:7            Lair (0/6) D:10
    Orc (0/2) D:12
 Vaults: D:13-14

Altars:
Cheibriados
Elyvilon
Hepliaklqana
Kikubaaqudgha
Makhleb
Qazlal
Ru
Sif Muna
Uskayaw
Xom
Zin
The Shining One

Shops:
D:4 ?   D:6 *   D:11 !


Innate Abilities, Weirdness & Mutations

You reflexively headbutt those who attack you in melee.
You have a pair of horns on your head.
You are partially covered in iridescent scales. (AC +2)
You have supernaturally acute eyesight. (SInv)
You are agile. (Dex +2)
Armour fits poorly on your strangely shaped body.
Your flesh is heat resistant. (rF+)
Your magical capacity is low. (-10% MP)
Your system is resistant to poisons. (rPois)
Your natural rate of healing is unusually fast.
Your spells are a little harder to cast, but a little more powerful.


Message History

The arrow dissolves into shadows!
The tengu warrior shoots a bolt.
The bolt hits you!!
* * * LOW HITPOINT WARNING * * *
The bolt dissolves into shadows!
You see here an arrow.
You feel yourself speed up.
The centaur warrior shoots an arrow.
The arrow hits you.
* * * LOW HITPOINT WARNING * * *
The arrow dissolves into shadows!
The orc warrior hits you but does no damage.
The orc priest mumbles some strange prayers to Beogh against you.
You easily resist.
The centaur warrior shoots an arrow.
The arrow hits you.
* * * LOW HITPOINT WARNING * * *
The arrow dissolves into shadows!
Okay, then.
The tengu warrior shoots a bolt.
You reflect the bolt off an invisible shield around you!
The bolt hits the tengu warrior!
The bolt disappears in a puff of smoke!
The centaur warrior shoots an arrow.
The arrow hits you!
You die...

............####.................
.................................
..................)..............
#########........................
#...........#....................
#...........#((#.................
#....#......#..#.................
#....#..#...#..##################
#....#..#...#...@o........#......
#....####...#...((.K......#......
#.......#...#.............#......
#.......#......#....oc....#......
#.......#......#....cKK...#######
#.......#......#....Qc.c.....#
#....####...##########oK.....#
#....#......# .....c.cK.....#
#....#......# ........HK....#


You could see a tengu warrior, a centaur warrior, 4 yaktaurs, an orc warrior, a
big kobold, an orc priest, an orc and 4 kobolds.

Vanquished Creatures
  2 hydras
  8 two-headed ogres
  3 tengu warriors (D:13)
  An unseen horror (D:12)
  A deep elf mage (D:11)
  3 cyclopes (D:13)
  A manticore (D:12)
  A gargoyle (D:10)
  3 centaur skeletons
  6 trolls
  3 hornets (D:12)
  Grinder (D:6)
  7 slime creatures
  4 hippogriffs
  2 shadows
  16 yaks
  A redback (D:11)
  A hungry ghost (D:9)
  2 vampire mosquitoes (D:13)
  3 wargs (D:12)
  2 water moccasins
  6 orc warriors
  5 sky beasts
  5 ice beasts
  2 hornet zombies (D:12)
  6 black bears
  An eye of draining (D:12)
  3 phantoms
  7 ogres
  2 crocodiles
  6 centaurs
  A big kobold (D:13)
  11 bullfrogs
  A wyvern zombie (D:12)
  A gnoll sergeant (D:8)
  A wyvern skeleton (D:8)
  A water moccasin skeleton (D:6)
  7 scorpions
  13 killer bees
  2 howler monkeys
  4 crimson imps
  A quasit (D:10)
  6 hounds
  An orc priest (D:6)
  4 jellies
  2 bullfrog skeletons
  9 orc wizards
  Jessica (D:2)
  A gnoll shaman (D:10)
  4 iguanas
  4 worker ants
  2 worker ant zombies
  13 gnolls
  21 adders
  A shadow imp (D:7)
  7 oozes
  5 worms
  2 dart slugs
  6 leopard geckos
  42 orcs
  A ball python (D:2)
  5 giant cockroaches
  11 goblins
  8 hobgoblins
  10 jackals
  6 quokkas
  7 bats
  9 frilled lizards
  A jackal skeleton (D:6)
  12 kobolds
  4 rats
362 creatures vanquished.

Vanquished Creatures (others)
  A tengu warrior (D:13)
  3 centaurs
  A leopard gecko (D:6)
  An orc (D:5)
  14 fungi (D:10)
  6 plants (D:10)
26 creatures vanquished.

Grand Total: 388 creatures vanquished

Notes
Turn   | Place    | Note
-------+----------+-------------------------------------------
     0 | D:1      | roguesci the Minotaur Fighter began the quest for the Orb.
     0 | D:1      | Reached XP level 1. HP: 19/19 MP: 0/0
   207 | D:1      | Reached XP level 2. HP: 27/27 MP: 1/1
   496 | D:1      | Reached XP level 3. HP: 30/33 MP: 2/2
   876 | D:2      | Noticed Jessica
   882 | D:2      | Killed Jessica
   882 | D:2      | Reached skill level 1 in Dodging
   882 | D:2      | Reached XP level 4. HP: 38/40 MP: 3/3
   902 | D:2      | Found a faded altar of an unknown god.
   968 | D:2      | Found a shimmering altar of Xom.
   968 | D:2      | Found a deep blue altar of Sif Muna.
   975 | D:2      | Found a snail-covered altar of Cheibriados.
   975 | D:2      | Found a hide-covered altar of Uskayaw.
  1003 | D:2      | Became a worshipper of Uskayaw the Reveler
  1040 | D:2      | Reached skill level 1 in Stealth
  1040 | D:2      | Reached * piety under Uskayaw
  1173 | D:2      | Reached ** piety under Uskayaw
  1474 | D:3      | Reached XP level 5. HP: 41/46 MP: 4/4
  1533 | D:3      | Reached *** piety under Uskayaw
  1824 | D:3      | Noticed an ogre
  1829 | D:3      | Killed an ogre
  1829 | D:3      | Reached skill level 5 in Armour
  1829 | D:3      | Reached XP level 6. HP: 36/53 MP: 5/5
  2008 | D:3      | Found a glowing silver altar of Zin.
  2186 | D:4      | Reached skill level 5 in Fighting
  2186 | D:4      | Reached skill level 1 in Invocations
  2200 | D:4      | Reached **** piety under Uskayaw
  2377 | D:4      | Found Piojoph's Magic Scroll Boutique.
  2388 | D:4      | Bought a scroll of teleportation for 33 gold pieces
  2388 | D:4      | Bought a scroll of teleportation for 33 gold pieces
  2417 | D:4      | Found a glowing golden altar of the Shining One.
  2606 | D:4      | Reached XP level 7. HP: 57/61 MP: 7/7
  2672 | D:4      | Reached skill level 5 in Shields
  2821 | D:5      | Entered Level 5 of the Dungeon
  3194 | D:5      | Reached XP level 8. HP: 70/70 MP: 9/9
  3667 | D:6      | Gained mutation: Armour fits poorly on your strangely shaped body. [mutagenic meat]
  3668 | D:6      | Gained mutation: Your spells are a little harder to cast, but a little more powerful. [mutagenic meat]
  3701 | D:6      | Reached ***** piety under Uskayaw
  3710 | D:6      | HP: 2/71 [orc warrior/vampiric short sword (19)]
  3744 | D:6      | Reached skill level 5 in Axes
  4124 | D:6      | Got a slimy flail
  4125 | D:6      | Identified the +9 flail "Kaduurea" {holy, *Corrode +Rage rPois MR+ Dex+4} (You found it on level 6 of the Dungeon)
  4213 | D:6      | Noticed Grinder
  4222 | D:6      | Killed Grinder
  4222 | D:6      | Reached XP level 9. HP: 73/79 MP: 11/11
  4253 | D:6      | Found a white marble altar of Elyvilon.
  4285 | D:6      | Found an ancient bone altar of Kikubaaqudgha.
  4335 | D:6      | Found Ecyc's Elemental Accessories.
  4584 | D:6      | Found a burning altar of Makhleb.
  4584 | D:6      | Noticed a cacodemon
  4600 | D:6      | Found a hazy altar of Hepliaklqana.
  5325 | D:7      | Found a stormy altar of Qazlal.
  5426 | D:7      | Found a staircase to the Ecumenical Temple.
  5714 | D:8      | Reached skill level 5 in Invocations
  5717 | D:8      | Gained mutation: Your flesh is heat resistant. (rF+) [mutagenic meat]
  5720 | D:8      | Gained mutation: You are agile. (Dex +2) [mutagenic meat]
  5721 | D:8      | Gained mutation: You possess an exceptional clarity of mind. [mutagenic meat]
  5722 | D:8      | Lost mutation: You possess an exceptional clarity of mind. [mutagenic meat]
  6290 | D:8      | Reached skill level 1 in Evocations
  6479 | D:9      | Found a sacrificial altar of Ru.
  6481 | D:9      | Found an ancient bone altar of Kikubaaqudgha.
  6705 | D:9      | Reached XP level 10. HP: 87/89 MP: 13/13
  7223 | D:9      | Reached skill level 5 in Dodging
  7384 | D:10     | Entered Level 10 of the Dungeon
  7453 | D:10     | Noticed a two-headed ogre
  7467 | D:10     | Killed a two-headed ogre
  7790 | D:10     | Gained mutation: Your magical capacity is low. (-10% MP) [mutagenic meat]
  7791 | D:10     | Gained mutation: You have supernaturally acute eyesight. (SInv) [mutagenic meat]
  7954 | D:10     | Noticed a gargoyle
  7962 | D:10     | Killed a gargoyle
  8136 | D:10     | Reached XP level 11. HP: 99/99 MP: 13/13
  8469 | D:10     | Noticed a two-headed ogre
  8479 | D:10     | Killed a two-headed ogre
  8604 | D:10     | Noticed a two-headed ogre
  8623 | D:10     | Killed a two-headed ogre
  8623 | D:10     | Reached skill level 10 in Fighting
  8623 | D:10     | Reached skill level 10 in Armour
  8967 | D:10     | Found a staircase to the Lair.
  9002 | D:10     | Noticed a two-headed ogre
  9006 | D:10     | Killed a two-headed ogre
  9174 | D:11     | Noticed a two-headed ogre
  9218 | D:11     | Killed a two-headed ogre
  9680 | D:11     | Noticed a deep elf mage
  9686 | D:11     | Killed a deep elf mage
  9703 | D:11     | Found Jogeitia's Distillery.
  9877 | D:11     | Noticed a five-headed hydra
  9887 | D:11     | Killed a five-headed hydra
 10071 | D:11     | Reached ****** piety under Uskayaw
 10406 | D:12     | Reached XP level 12. HP: 108/108 MP: 15/15
 10770 | D:12     | Noticed a two-headed ogre
 10782 | D:12     | Killed a two-headed ogre
 10931 | D:12     | Found a staircase to the Orcish Mines.
 11019 | D:12     | Learned a level 2 spell: Shroud of Golubria
 11023 | D:12     | Learned a level 3 spell: Regeneration
 11027 | D:12     | Learned a level 3 spell: Mephitic Cloud
 11029 | D:12     | Learned a level 1 spell: Infusion
 11508 | D:13     | Reached skill level 1 in Spellcasting
 11687 | D:13     | Noticed a four-headed hydra
 11700 | D:13     | Killed a four-headed hydra
 11706 | D:13     | Noticed a two-headed ogre
 11711 | D:13     | Killed a two-headed ogre
 11798 | D:13     | Noticed a tengu warrior
 11799 | D:13     | Noticed a tengu warrior
 11839 | D:13     | Killed a tengu warrior
 11979 | D:13     | Killed a tengu warrior
 12115 | D:13     | Noticed a two-headed ogre
 12121 | D:13     | Killed a two-headed ogre
 12144 | D:13     | Noticed a tengu warrior
 12144 | D:13     | Noticed a tengu warrior
 12153 | D:13     | Killed a tengu warrior
 12169 | D:13     | Killed a tengu warrior
 12169 | D:13     | Reached XP level 13. HP: 89/118 MP: 17/17
 12911 | D:13     | Gained mutation: Your natural rate of healing is unusually fast. [mutagenic meat]
 12912 | D:13     | Gained mutation: Your system is resistant to poisons. (rPois) [mutagenic meat]
 12913 | D:13     | Gained mutation: You possess an exceptional clarity of mind. [mutagenic meat]
 12914 | D:13     | Lost mutation: You possess an exceptional clarity of mind. [mutagenic meat]
 12916 | D:13     | Gained mutation: You are partially covered in iridescent scales. (AC +2) [mutagenic meat]
 13025 | D:13     | HP: 2/118 [centaur warrior/arrow[an orc warrior] (5)]
 13026 | D:13     | Shot with an arrow by a centaur warrior

Vault maps used:
D:1:      mrwooster_arrival_statue_3, hangedman_glass_teeth,
          minmay_close_crescents
D:2:      grunt_temple_overflow_open, chequers_ecumenical_altar_simple,
          serial_bayou_crossing, uniq_jessica
D:3:      lemuel_doored_altar
D:4:      kennysheep_mini_moat, serial_shops, shop
D:5:      first_bread
D:6:      lemuel_coloured_pillars_altar, kennysheep_mini,
          makhleb_altar_promises_db, basic_altar, nicolae_elemental_shop,
          uniq_grinder
D:7:      grunt_qazlal_sundering, temple_green
D:9:      chequers_temple_overflow_statue_of_worship
D:10:     due_lair_maze_entry_diamond
D:11:     cheibrodos_barr_body, serial_shops, nicolae_shop_waterfront
D:12:     minmay_orc_entry_guard_dogs, hangedman_little_slice_of_home,
          minmay_variable_closet, spider_trap
D:13:     erik_vaults_2

Skill      XL: |  1  2  3  4  5  6  7  8  9 10 11 12 |
---------------+-------------------------------------+-----
Armour         | 4 5 6 7 8 9 10 12 | 12.1
Shields        | 4 5 6 7 8 9 |  9.3
Axes           | 3 4 5 6 7 8 9 |  9.3
Fighting       | 4 5 6 7 8 9 10 12 | 12.3
Dodging        | 1 2 3 4 5 7 8 |  8.1
Stealth        | 1 2 3 |  3.5
Invocations    | 1 2 4 5 7 8 9 |  9.8
Evocations     | 1 2 4 |  4.3
Spellcasting   | 1 |  1.5

Action                   |  1- 3 |  4- 6 |  7- 9 | 10-12 | 13-15 || total
-------------------------+-------+-------+-------+-------+-------++-------
Melee: War axe           |    87 |   151 |   270 |   186 |       ||   694
       Headbutt          |     7 |    27 |    47 |   137 |     5 ||   223
       Flail             |       |       |    45 |   358 |    10 ||   413
       Battleaxe         |       |       |       |     7 |     8 ||    15
Invok: Line Pass         |       |       |     2 |     1 |       ||     3
       Stomp             |       |       |     1 |     5 |       ||     6
       Grand Finale      |       |       |       |     1 |       ||     1
  Use: Scroll            |       |     2 |     3 |     3 |       ||     8
       Potion            |       |       |     9 |     5 |     4 ||    18
 Stab: Paralysed         |       |     3 |    12 |    57 |       ||    72
  Eat: Chunk             |       |     6 |    20 |    20 |     9 ||    55
       Fruit             |       |       |     2 |     2 |       ||     4
       Royal jelly       |       |       |       |     2 |       ||     2
Armor: Scale mail        |    51 |    68 |    38 |       |       ||   157
       Plate armour      |       |       |    80 |   245 |    17 ||   342
Dodge: Dodged            |    23 |    55 |    72 |   181 |    16 ||   347
Block: Shield            |    55 |    92 |   239 |   557 |     1 ||   944
       Reflection        |       |       |    13 |    17 |     1 ||    31
       Other             |       |       |       |     9 |     8 ||    17

Table legend:
 A = Spawn XP
 B = Non-spawn XP
 C = Spawn XP percentage of total XP
 D = Spawn monster count
 E = Non-spawn monster count
 F = Spawn count percentage of total count
 G = Total turns spent on level
                    A         B        C        D         E        F      G
               +---------+---------+-------+---------+---------+-------+---------
         Total |    8283 |   31617 |  20.8 |      60 |     308 |  16.3 | 13026
               +---------+---------+-------+---------+---------+-------+---------
           D:1 |       8 |      45 |  15.1 |       4 |      24 |  14.3 |   871
           D:2 |       4 |     128 |   3.0 |       2 |      27 |   6.9 |   547
           D:3 |     114 |     132 |  46.3 |       2 |      25 |   7.4 |   760
           D:4 |      45 |     381 |  10.6 |       2 |      11 |  15.4 |   643
           D:5 |      14 |     823 |   1.7 |       1 |      17 |   5.6 |   837
           D:6 |     184 |    1627 |  10.2 |       3 |      30 |   9.1 |  1146
           D:7 |      15 |     419 |   3.5 |       5 |      14 |  26.3 |   855
           D:8 |     460 |     644 |  41.7 |      10 |      11 |  47.6 |   818
           D:9 |     499 |     734 |  40.5 |      10 |      14 |  41.7 |   907
          D:10 |    2367 |    5566 |  29.8 |       9 |      36 |  20.0 |  2015
          D:11 |     923 |    5741 |  13.9 |       4 |      29 |  12.1 |   895
          D:12 |    1164 |    6235 |  15.7 |       4 |      36 |  10.0 |   976
          D:13 |    2486 |    9142 |  21.4 |       4 |      34 |  10.5 |  1756
               +---------+---------+-------+---------+---------+-------+---------
